 Dungeon Crawl Stone Soup version 0.25-a0-167-g836c352ace (webtiles) character file.

Game seed: 1514885471326018303, levelgen mode: deterministic

1145 DavidChitty2 the Conjurer (level 8, -6/41 HPs)
             Began as a Deep Elf Conjurer on Nov 25, 2019.
             Shot with an arrow by a centaur (9 damage)
             ... on level 6 of the Dungeon.
             The game lasted 00:12:07 (6651 turns).

DavidChitty2 the Conjurer (Deep Elf Conjurer)       Turns: 6651, Time: 00:12:08

Health: -6/41      AC:  6    Str:  5    XL:     8   Next: 15%
Magic:  4/19       EV: 14    Int: 23    God:
Gold:   94         SH:  6    Dex: 15    Spells: 12/19 levels left

rFire    . . .     SeeInvis .   a - +0 hunting sling
rCold    + . .     Gourm    .   n - +1 buckler
rNeg     . . .     Faith    .   t - +1 leather armour {rC+}
rPois    .         Spirit   .   (no helmet)
rElec    .         Reflect  .   (no cloak)
rCorr    .         Harm     .   z - +0 pair of gloves
MR       .....                  w - +0 pair of boots
Stlth    ++........             y - amulet of magic regeneration
HPRegen  0.13/turn              (no ring)
MPRegen  0.41/turn              (no ring)

@: no status effects
A: no striking features
a: no special abilities


You were on level 6 of the Dungeon.
You were not hungry.

You visited 1 branch of the dungeon, and saw 6 of its levels.

You collected 194 gold pieces.
You spent 100 gold pieces at shops.

Inventory:

Hand Weapons
 a - a +0 hunting sling (weapon)
   (You found it on level 1 of the Dungeon)
 b - a +0 dagger
   (You took it off a goblin on level 1 of the Dungeon)
Missiles
 g - 85 stones (quivered)
 h - 20 sling bullets
 p - a throwing net {!f}
Armour
 n - a +1 buckler (worn)
   (You found it on level 1 of the Dungeon)
 t - a +1 leather armour of cold resistance (worn)
   (You bought it in a shop on level 4 of the Dungeon)
 w - a +0 pair of boots (worn)
   (You found it on level 2 of the Dungeon)
 z - a +0 pair of gloves (worn)
   (You found it on level 4 of the Dungeon)
Jewellery
 y - an amulet of magic regeneration (around neck)
   (You found it on level 3 of the Dungeon)
Wands
 u - a wand of paralysis (5)
   (You found it on level 5 of the Dungeon)
Scrolls
 c - 2 scrolls of remove curse {@r2}
 j - 3 scrolls of fear
 m - 2 scrolls of blinking
 o - 4 scrolls of teleportation {@r4}
 q - a scroll of identify {@r1}
 s - 2 scrolls of magic mapping
 B - a scroll of torment {unknown}
 C - a scroll of enchant weapon {unknown}
Potions
 d - 2 potions of haste {unknown}
 f - a potion of magic
 i - a potion of ambrosia {unknown}
 k - 2 potions of curing {unknown}
 l - a potion of might
 r - a potion of lignification {unknown}
 v - 4 potions of flight
 x - 2 potions of heal wounds {@q2}
 A - a potion of cancellation
Comestibles
 e - 4 rations {!d}


   Skills:
 + Level 5.4 Dodging
 - Level 2.4 Stealth
 - Level 4.0 Shields
 + Level 6.1 Spellcasting
 * Level 7.8 Conjurations


You had 12 spell levels left.
You knew the following spells:

 Your Spells              Type           Power        Failure   Level  Hunger
a - Magic Dart            Conj           ####         1%          1    None
s - Searing Ray           Conj           #####.       1%          2    None
x - Iskenderun's Mystic   Conj           #####...     5%          4    ###....

Your spell library contained the following spells:

 Spells                   Type           Power        Failure   Level  Hunger
 Dazzling Spray           Conj/Hex       ####..       9%          3    #......
 Stone Arrow              Conj/Erth      ####..       9%          3    #......
 Sandblast                Erth           #.....       14%         1    None
 Passwall                 Tmut/Erth      #.......     22%         2    None
 Force Lance              Conj/Tloc      ####....     28%         4    ###....
 Fulminant Prism          Conj/Hex       ####......   28%         4    ###....
 Petrify                  Tmut/Erth      #.......     80%         4    ###....
 Lee's Rapid Deconstruct  Erth           #.........   98%         5    #####..


Dungeon Overview and Level Annotations

Branches:
Dungeon (6/15)
 Temple: D:4-7

Altars:
Dithmenos
Elyvilon
Makhleb
Wu Jian
Zin

Shops:
D:4 [


Message History

You eat one of the 5 rations {!d}.
That ration really hit the spot!
Aim: a wight, wielding a +0 mace and wearing a +0 robe (severely damaged)
The orb of energy hits the wight!
You destroy the wight!
You start resting.
Things that are here:
a cursed +0 mace; a +0 robe
Found 30 bolts, a scroll of teleportation and a robe.
Found a stone staircase leading down.
q - a scroll of identify {@r1}
C - a scroll labeled IKI JIGIBRU
There is a stone staircase leading down here.
o - 4 scrolls of teleportation {@r4} (gained 1)
You see here a robe.
Found 15 gold pieces.
Found 20 gold pieces.
You now have 74 gold pieces (gained 15).
You now have 94 gold pieces (gained 20).
You open the door.
The phantom is too close now for your liking.
There is an open door here.
Aim: an orc wizard, wielding a +1 dagger of venom and wearing a +0 robe (hasn't noticed you)
The magic dart hits the orc wizard but does no damage.
The centaur shouts!
The centaur shoots an arrow.
The arrow hits you!
The orc wizard points at you and mumbles some strange words.
The magic dart hits you. The orc wizard casts a spell at you.
The puff of flame hits you.
* * * LOW HITPOINT WARNING * * *
Aim: an orc wizard, wielding a +1 dagger of venom and wearing a +0 robe The orb of energy hits the orc wizard!
Aim: an orc wizard, wielding a +1 dagger of venom and wearing a +0 robe (severely wounded)
The orb of energy hits the orc wizard!!
You kill the orc wizard!
The orb of energy explodes!
The centaur shoots an arrow.
You block the arrow.
The phantom blinks!
Aim: a centaur, wielding a +0 shortbow The orb of energy misses the centaur.
The centaur shoots an arrow.
The arrow hits you!
* * * LOW HITPOINT WARNING * * *
The phantom hits you.
* * * LOW HITPOINT WARNING * * *
The phantom blinks!
Aim: a centaur, wielding a +0 shortbow The orb of energy hits the centaur!
The centaur shoots an arrow.
The arrow hits you.
* * * LOW HITPOINT WARNING * * *
The centaur shoots an arrow.
The arrow hits you!
You die...

#.# #..####### #.# #..#
##.....## #.# #..#
##...⌠...##
##.#####..####.........##
#..........##...(.⌠.....#
#..#####..##......r......
#..# #.##..%...........
#..#####.# ..............
#..W....@# .......<.W..c.
#.#####§.# .........)....
#.# ##.##..............
#.# #..##........c....
#.# ##)###.....⌠.....#
#.#######c####.W......c##
#............##...⌠...##
############..##.....##
##oc##..o#


You could see a phantom and a centaur.

Vanquished Creatures
  An ice beast (D:5)
  A necrophage (D:5)
  An ogre (D:5)
  A bullfrog (D:4)
  A scorpion (D:5)
  3 wights (D:6)
  A bullfrog zombie (D:5)
  2 crimson imps (D:5)
  An orc priest (D:3)
  A jelly (D:5)
  2 hounds (D:5)
  5 orc wizards
  5 worker ants
  A howler monkey skeleton (D:5)
  6 adders
  2 shadow imps (D:5)
  2 worms (D:3)
  A leopard gecko (D:5)
  17 orcs
  3 ball pythons
  8 bats
  4 giant cockroaches
  3 goblins
  4 hobgoblins
  10 jackals
  5 kobolds
  4 quokkas
  2 frilled lizards (D:4)
  A jackal skeleton (D:5)
  6 rats
104 creatures vanquished.

Notes
Turn   | Place    | Note
-------+----------+-------------------------------------------
     0 | D:1      | DavidChitty2 the Deep Elf Conjurer began the quest for the
                  | Orb.
     0 | D:1      | Reached XP level 1. HP: 10/10 MP: 6/6
   373 | D:1      | Reached XP level 2. HP: 15/15 MP: 5/8
   852 | D:1      | Learned a level 2 spell: Searing Ray
  1570 | D:2      | Reached XP level 3. HP: 19/19 MP: 3/10
  2034 | D:3      | Reached skill level 5 in Conjurations
  2047 | D:2      | Reached skill level 1 in Shields
  2693 | D:3      | Reached XP level 4. HP: 24/24 MP: 9/11
  2699 | D:3      | Learned a level 4 spell: Iskenderun's Mystic Blast
  3124 | D:3      | Found an ornate altar of the Wu Jian Council.
  3124 | D:3      | Found a burning altar of Makhleb.
  3244 | D:3      | Reached XP level 5. HP: 22/28 MP: 3/13
  3528 | D:3      | Found a shadowy altar of Dithmenos.
  3934 | D:4      | Found Abbuxan's Antique Armour Shoppe.
  3956 | D:4      | Found a white marble altar of Elyvilon.
  4597 | D:4      | Reached XP level 6. HP: 27/32 MP: 4/14
  4599 | D:4      | Reached skill level 6 in Conjurations
  4796 | D:4      | Found a glowing silver altar of Zin.
  4796 | D:4      | Noticed an angel
  4877 | D:5      | Entered Level 5 of the Dungeon
  4877 | D:5      | Noticed an ice beast
  4880 | D:5      | Killed an ice beast
  4956 | D:4      | Reached skill level 5 in Spellcasting
  4988 | D:5      | Reached XP level 7. HP: 25/36 MP: 7/16
  5261 | D:4      | Bought a runed leather armour for 100 gold pieces
  5834 | D:5      | Reached skill level 7 in Conjurations
  6025 | D:5      | Reached skill level 5 in Dodging
  6259 | D:6      | Reached XP level 8. HP: 31/41 MP: 12/18
  6651 | D:6      | Shot with an arrow by a centaur

Levels and vault maps discovered:
D:1:      dpeg_arrival_pits, layout_basic
D:2:      layout_rooms
D:3:      layout_loops_ring, lemuel_doored_altar,
          gammafunk_temple_overflow_elements, first_ration,
          minmay_stone_trees_small
D:4:      layout_basic, zin_angel, nicolae_overflow_crystal_walls, serial_shops,
          nicolae_shop_overgrown_old_shop
D:5:      layout_rooms, minmay_crystal_room
D:6:      layout_loops_ring, ashenzari_altar_1, xom_redecorated, serial_shops,
          shop, kennysheep_diamond

Skill      XL: |  1  2  3  4  5  6  7  8 |
---------------+-------------------------+-----
Dodging        | 3 4 5 |  5.4
Conjurations   | 5 6 7 |  7.8
Shields        | 1 2 3 4 |  4.0
Spellcasting   | 4 5 6 |  6.1
Stealth        | |  2.4

Action                   |  1- 3 |  4- 6 |  7- 9 || total
-------------------------+-------+-------+-------++-------
 Fire: Hunting sling     |     7 |     6 |       ||    13
 Cast: Magic Dart        |    98 |   103 |    85 ||   286
       Iskenderun's Myst |       |     8 |    21 ||    29
  Use: Scroll            |       |    11 |     2 ||    13
  Eat: Chunk             |     5 |     8 |     5 ||    18
       Ration            |       |       |     1 ||     1
Armor: Robe              |     4 |     2 |       ||     6
       Leather armour    |       |     5 |     4 ||     9
Dodge: Dodged            |    23 |    21 |    11 ||    55
Block: Buckler           |       |     2 |     5 ||     7

Table legend:
 A = Non-vault XP
 B = Vault XP
 C = Vault XP percentage of total XP
 D = Non-vault monster count
 E = Vault monster count
 F = Vault count percentage of total count
                 A         B        C        D         E       F
            +---------+---------+-------+---------+---------+-------
      Total |    1637 |       0 |   0.0 |     104 |       0 |   0.0
            +---------+---------+-------+---------+---------+-------
        D:1 |      25 |       0 |   0.0 |      15 |       0 |   0.0
        D:2 |      45 |       0 |   0.0 |      13 |       0 |   0.0
        D:3 |     178 |       0 |   0.0 |      32 |       0 |   0.0
        D:4 |     286 |       0 |   0.0 |      15 |       0 |   0.0
        D:5 |     851 |       0 |   0.0 |      22 |       0 |   0.0
        D:6 |     252 |       0 |   0.0 |       7 |       0 |   0.0
            +---------+---------+-------+---------+---------+-------
